Map: Thunderbird LE

Players

ShoWTimE - Winner!

  • Race: Protoss Protoss
  • Spawn Location: 5:00

SortOf

  • Race: Zerg Zerg
  • Spawn Location: 11:00

VOD

Have the link to the VOD?

Description

Time

  • Played on: Sept. 6, 2019, 4:53 p.m.
  • Length: 15:27
Show
View Real Time Build Order
Export as new Build Order

ShoWTimE Protoss - Winner!

Build Orders: 1 Gate Expand, Oracle Opening, Phoenix Opening, Archon Immortal, Carriers 

Get SALT Encoding   

  12  0:00  Probe  
  13  0:12  Probe  
  14  0:17  Pylon  
  14  0:24  Probe  
  15  0:32  Probe  
  15  0:40  Gateway, Probe  
  16  0:46  Assimilator  
  17  0:51  Probe  
  18  1:03  Probe  
  19  1:15  Probe  
  20  1:26  Nexus  
  20  1:28  Probe  
  21  1:38  Cybernetics Core  
  21  1:40  Probe  
  22  1:47  Assimilator  
  22  1:52  Pylon  
  22  1:55  Probe  
  23  2:04  Adept  
  23  2:10  Probe  
  26  2:17  Stargate  
  26  2:23  Probe  
  26  2:25  Warp Gate  
  27  2:32  Probe  
  27  2:34  Probe, Adept  
  30  2:40  Probe  
  30  2:42  Probe  
  31  2:49  Probe  
  33  2:52  Probe  
  33  2:56  Phoenix  
  35  3:01  Probe  
  35  3:04  Probe  
  39  3:13  Pylon, Probe  
  39  3:15  Oracle  
  39  3:16  Probe  
  41  3:25  Probe  
  41  3:26  Gateway  
  45  3:28  Probe  
  46  3:34  Assimilator  
  46  3:36  Assimilator  
  46  3:37  Probe  
  46  3:40  Probe  
  48  3:42  Oracle  
  48  3:43  Gateway  
  48  3:49  Probe  
  48  3:53  Probe  
  48  3:54  Pylon  
  53  4:01  Probe  
  53  4:02  Robotics Facility  
  54  4:11  Oracle  
  54  4:12  Probe  
  54  4:14  Probe  
  54  4:16  Pylon  
  59  4:24  Probe  
  60  4:35  Nexus  
  60  4:37  Pylon, Probe x2  
  62  4:43  Warp Prism, Pylon  
  62  4:45  Sentry x2  
  66  4:49  Probe x2  
  68  4:56  Pylon  
  70  5:01  Probe x2  
  72  5:08  Forge  
  72  5:10  Twilight Council  
  72  5:13  Probe  
  73  5:16  Probe  
  73  5:18  Gateway  
  74  5:25  Probe  
  74  5:28  Probe  
  73  5:38  Probe  
  73  5:39  Protoss Ground Weapons Level 1  
  73  5:40  Probe  
  73  5:41  Gateway  
  75  5:45  Assimilator  
  75  5:46  Observer  
  75  5:49  Assimilator  
  76  5:50  Pylon, Probe, Charge  
  76  5:51  Probe  
  76  5:52  Probe  
  79  5:59  Immortal  
  79  6:00  Probe  
  79  6:02  Probe  
  81  6:04  Templar Archives, Probe  
  81  6:08  Probe  
  86  6:14  Probe  
  86  6:16  Probe  
  89  6:18  Gateway  
  89  6:20  Gateway  
  89  6:23  Pylon  
  89  6:29  Immortal  
  89  6:33  Gateway x2  
  89  6:37  Pylon  
  93  6:42  High Templar x4  
  93  6:47  Pylon, Archon x2  
  101  6:52  Pylon  
  101  7:03  Psionic Storm  
  105  7:08  Immortal  
  105  7:18  High Templar  
  105  7:24  High Templar  
  105  7:29  Gateway, Zealot x6  
  117  7:31  Gateway  
  117  7:32  Pylon  
  117  7:35  Pylon  
  117  7:40  Nexus  
  117  7:42  Pylon  
  117  7:47  High Templar  
  117  7:48  Pylon  
  119  7:53  Protoss Ground Weapons Level 2  
  119  7:56  High Templar x2  
  119  7:57  Immortal  
  127  8:03  Probe x3  
  130  8:05  Photon Cannon  
  130  8:07  Photon Cannon  
  130  8:09  Photon Cannon  
  130  8:11  Shield Battery  
  130  8:13  Shield Battery  
  130  8:17  Assimilator  
  130  8:18  High Templar  
  132  8:20  Probe x3  
  132  8:22  Assimilator  
  135  8:31  Pylon  
  135  8:32  Probe  
  135  8:33  Probe  
  137  8:47  Fleet Beacon  
  137  8:50  Stargate, Zealot x6  
  137  8:51  Zealot x3  
  137  8:52  Stargate  
  137  8:55  Pylon  
  155  9:07  Pylon  
  155  9:13  Mothership  
  155  9:15  High Templar x2  
  155  9:16  Zealot x7  
  173  9:20  Archon  
  173  9:26  Pylon  
  179  9:39  Zealot x4  
  179  9:40  Zealot  
  185  9:48  Carrier  
  177  9:57  Nexus  
  177  9:58  Carrier  
  183  10:00  Pylon  
  183  10:05  Carrier  
  189  10:17  Protoss Ground Weapons Level 3  
  189  10:19  Protoss Air Weapons Level 1, Zealot x2  
  199  10:28  Blink  
  193  10:45  Zealot x3  
  192  10:52  Zealot  
  192  10:55  Photon Cannon  
  192  10:56  Carrier  
  194  10:57  Photon Cannon  
  194  10:59  Photon Cannon  
  194  11:02  Photon Cannon  
  194  11:04  Shield Battery  
  194  11:06  Assimilator  
  200  11:18  Carrier x2  
  182  11:32  Robotics Bay  
  182  11:35  Robotics Facility  
  182  11:36  Assimilator  
  182  11:39  Warp Prism  
  180  11:53  Zealot x6  
  194  11:58  Zealot  
  194  11:59  Zealot  
  198  12:06  Zealot  
  198  12:07  Gravitic Drive  
  200  12:11  Protoss Air Weapons Level 2  
  200  12:13  Cybernetics Core  
  200  12:24  Zealot  
  182  12:37  Carrier x2  
  194  12:46  Mothership  
  194  13:03  Carrier  
  200  13:06  Protoss Shields Level 1  
  200  13:11  Gateway, Zealot  
  200  13:28  Protoss Air Armor Level 1  
  188  13:44  Void Ray x2  
  192  13:52  Photon Cannon  
  192  13:55  Photon Cannon  
  188  14:00  Warp Prism  
  190  14:06  Stalker x3  
  190  14:07  Void Ray  
  198  14:14  Nexus  
  198  14:16  Pylon  
  198  14:27  Stalker x4  
  188  14:34  Archon  
  188  14:35  Archon, Stalker x2  
  170  14:48  Photon Cannon  
  170  14:49  Photon Cannon  
  166  14:57  Stalker x2  
  166  14:58  Stalker  
  166  15:12  Archon  
  166  15:22  Stalker x2  
Show
View Real Time Build Order
Export as new Build Order

SortOf Zerg 

Build Orders: Hatch First, Brood Lord Corruptor 

Get SALT Encoding   

  12  0:00  Drone  
  13  0:12  Overlord  
  13  0:17  Drone  
  14  0:30  Drone  
  14  0:31  Drone  
  16  0:48  Hatchery  
  15  0:50  Drone  
  15  0:54  Drone  
  17  0:57  Drone  
  18  1:08  Extractor  
  17  1:12  Spawning Pool  
  17  1:15  Drone  
  17  1:19  Drone  
  18  1:28  Drone  
  19  1:39  Drone  
  20  1:51  Drone  
  21  1:59  Queen x2  
  21  2:00  Overlord  
  21  2:01  Zergling x2  
  26  2:10  Zergling x2  
  26  2:12  Drone  
  28  2:17  Metabolic Boost  
  28  2:21  Drone x2  
  30  2:38  Hatchery  
  30  2:43  Overlord, Pneumatized Carapace  
  29  2:46  Drone  
  29  2:49  Zergling x2  
  31  2:56  Drone  
  32  3:00  Drone  
  32  3:04  Queen  
  35  3:08  Zergling x4  
  35  3:09  Drone  
  35  3:11  Drone  
  39  3:14  Drone  
  39  3:17  Drone  
  41  3:20  Overlord  
  41  3:23  Drone  
  42  3:29  Queen  
  44  3:35  Overlord  
  44  3:39  Overlord  
  44  3:41  Drone  
  45  3:44  Drone x2  
  45  3:45  Drone  
  45  3:46  Drone  
  49  3:49  Spore Crawler  
  49  3:51  Spore Crawler  
  49  3:53  Drone  
  48  3:55  Drone  
  48  3:57  Drone  
  49  4:04  Queen  
  49  4:05  Drone  
  52  4:10  Drone x2  
  52  4:13  Overlord  
  52  4:16  Drone  
  52  4:17  Spore Crawler, Drone  
  54  4:19  Drone  
  54  4:21  Drone  
  57  4:25  Drone x2  
  57  4:27  Overlord  
  57  4:29  Overlord  
  59  4:33  Spore Crawler  
  59  4:36  Drone x3  
  61  4:39  Overlord  
  61  4:43  Queen  
  63  4:47  Drone x2  
  63  4:48  Drone  
  66  4:54  Roach Warren, Drone  
  66  4:58  Drone x2  
  68  5:00  Drone  
  68  5:01  Drone  
  68  5:03  Drone x4  
  68  5:05  Drone  
  68  5:06  Drone  
  76  5:09  Lair  
  76  5:16  Extractor x2  
  76  5:18  Hatchery  
  73  5:21  Drone  
  73  5:24  Drone  
  73  5:25  Drone x4  
  73  5:26  Drone  
  79  5:29  Drone  
  79  5:32  Drone  
  79  5:34  Drone  
  80  5:39  Drone x5  
  84  5:47  Overlord, Extractor x2  
  84  5:48  Evolution Chamber  
  83  5:50  Roach x4  
  83  5:52  Overlord  
  83  5:53  Overlord  
  88  6:00  Drone  
  89  6:05  Extractor  
  89  6:08  Overlord  
  89  6:11  Drone x7  
  91  6:14  Zerg Melee Weapons Level 1  
  91  6:15  Glial Reconstitution  
  91  6:18  Baneling Nest  
  94  6:19  Drone x3  
  94  6:21  Drone  
  94  6:23  Infestation Pit  
  97  6:28  Drone x2  
  99  6:34  Overlord  
  99  6:36  Overlord  
  99  6:37  Roach x3  
  99  6:38  Drone x4  
  109  6:43  Drone x2  
  109  6:44  Extractor  
  109  6:46  Spore Crawler, Extractor  
  108  6:50  Ravager x2  
  108  6:51  Overseer  
  109  6:55  Drone x3  
  109  7:01  Hive  
  111  7:02  Centrifical Hooks  
  111  7:05  Zergling x14  
  111  7:06  Zergling x2  
  111  7:07  Spire  
  116  7:13  Drone x7  
  116  7:14  Drone  
  123  7:19  Drone x3  
  125  7:23  Drone  
  125  7:28  Overlord  
  126  7:32  Roach x5  
  133  7:38  Overlord  
  133  7:43  Roach  
  135  7:45  Overlord  
  135  7:47  Overlord  
  135  7:48  Baneling x7  
  135  7:50  Hatchery  
  134  7:58  Zergling x2  
  134  7:59  Zergling x22  
  134  8:01  Ravager x5  
  134  8:03  Baneling x7  
  153  8:05  Roach  
  153  8:06  Roach x2  
  157  8:13  Zergling x6  
  157  8:15  Overlord  
  157  8:19  Baneling  
  160  8:20  Baneling x10, Hatchery  
  160  8:21  Greater Spire  
  160  8:24  Zerg Melee Weapons Level 2  
  160  8:26  Zergling x2  
  160  8:27  Overlord x5  
  160  8:34  Baneling x12  
  160  8:48  Zergling x10  
  160  8:49  Zergling x20  
  160  8:51  Baneling x9  
  175  9:01  Hatchery  
  175  9:06  Zergling x18  
  175  9:09  Baneling x21  
  184  9:13  Overseer  
  184  9:22  Zergling x18  
  184  9:23  Zergling x4  
  195  9:35  Corruptor x2  
  197  9:42  Overlord  
  196  9:52  Corruptor x2  
  185  9:53  Corruptor x3  
  195  10:03  Pathogen Glands, Zerg Flyer Weapons Level 1  
  195  10:14  Overseer  
  195  10:28  Brood Lord x3  
  195  10:29  Extractor  
  195  10:30  Extractor  
  195  10:32  Brood Lord  
  195  10:34  Drone x2  
  187  10:36  Zergling x24  
  191  10:43  Brood Lord x2  
  188  10:51  Brood Lord, Overlord  
  188  10:52  Zergling x6  
  188  10:53  Zergling x12  
  189  11:19  Spine Crawler  
  189  11:23  Corruptor x6  
  187  11:28  Spine Crawler  
  187  11:30  Zergling x2  
  187  11:31  Zergling x24  
  198  11:47  Spine Crawler  
  198  11:48  Corruptor  
  198  11:49  Spore Crawler  
  198  11:50  Overseer  
  198  11:51  Spore Crawler, Overseer, Spine Crawler x2  
  198  11:52  Overseer, Spine Crawler  
  198  11:53  Spine Crawler  
  198  11:54  Spine Crawler  
  192  12:00  Corruptor x6  
  198  12:12  Overlord  
  196  12:17  Spine Crawler x3  
  196  12:22  Overlord  
  187  12:23  Overseer x2  
  187  12:28  Corruptor x6  
  195  12:36  Corruptor x2  
  199  12:44  Evolution Chamber  
  196  13:01  Corruptor  
  191  13:22  Corruptor x5  
  191  13:25  Overlord  
  198  13:31  Spire x2  
  196  13:38  Infestation Pit  
  196  13:41  Zergling x10  
  199  13:50  Infestation Pit  
  195  14:12  Drone x8  
  119  14:44  Corruptor x6  
  119  14:45  Corruptor x14  
  152  14:48  Zergling x26  
  164  14:54  Corruptor x2  
  158  15:00  Zergling x8  
  145  15:07  Zergling x4  
  145  15:08  Baneling x6  
Tags
 
Add a new tag
Caveats
  • Supply blocks, unpowered buildings, or Contaminate may cause inaccurate times.
  • Supply counts are checked every 10 seconds.